Map: Abyssal Reef LE

Players

LiquidMaNa (MaNa)

  • Race: Protoss Protoss
  • League: Grandmaster
  • Spawn Location: 11:00

Reynor - Winner!

  • Race: Zerg Zerg
  • Spawn Location: 5:00

Event: HomeStory Cup XXVI

VOD

Have the link to the VOD?

Description

Time

  • Played on: Nov. 30, 2024, 8:35 a.m.
  • Length: 12:17

All games in this series

Show
View Real Time Build Order
Export as new Build Order

LiquidMaNa Protoss 

Build Orders: 1 Gate Expand, Oracle Opening, Archon Immortal, Archon Drop 

Get SALT Encoding   

  12  0:00  Probe  
  13  0:12  Probe  
  14  0:19  Pylon  
  14  0:24  Probe  
  15  0:33  Probe  
  15  0:41  Probe  
  16  0:44  Gateway  
  17  0:52  Probe  
  17  0:54  Assimilator  
  18  1:00  Probe  
  19  1:08  Probe  
  20  1:18  Probe  
  21  1:33  Nexus  
  21  1:41  Cybernetics Core  
  21  1:44  Probe  
  22  1:49  Assimilator  
  22  1:55  Pylon  
  22  1:59  Probe  
  23  2:10  Probe  
  24  2:18  Probe  
  24  2:19  Adept, Stargate  
  27  2:28  Probe  
  27  2:30  Warp Gate  
  28  2:39  Adept  
  28  2:40  Probe  
  29  2:45  Probe  
  32  2:52  Probe  
  32  2:57  Probe  
  34  3:02  Oracle  
  37  3:07  Gateway, Probe  
  38  3:14  Probe  
  38  3:18  Probe  
  39  3:23  Assimilator  
  39  3:26  Probe  
  41  3:28  Probe  
  41  3:29  Assimilator  
  41  3:32  Robotics Facility  
  42  3:38  Probe  
  42  3:40  Probe  
  44  3:48  Pylon  
  44  3:50  Probe  
  44  3:52  Probe  
  46  3:58  Twilight Council  
  46  4:02  Probe  
  46  4:06  Probe  
  46  4:09  Pylon  
  50  4:10  Probe  
  50  4:11  Warp Prism  
  49  4:17  Stalker  
  53  4:25  Gateway  
  53  4:29  Gateway  
  53  4:31  Probe x2  
  55  4:37  Templar Archives  
  55  4:43  Probe x2  
  55  4:44  Pylon  
  57  4:51  Pylon  
  57  5:02  Probe x2  
  59  5:11  Nexus  
  59  5:17  High Templar x2  
  59  5:20  Forge  
  59  5:21  Archon, High Templar  
  63  5:23  High Templar  
  63  5:27  Archon  
  67  5:34  Probe x2  
  67  5:35  Charge  
  69  5:37  Observer  
  69  5:39  Pylon  
  69  5:40  Robotics Facility  
  69  5:50  Protoss Ground Weapons Level 1  
  69  5:53  Probe  
  70  5:58  Immortal  
  70  6:01  Probe  
  75  6:05  Probe  
  72  6:13  Probe  
  72  6:17  Probe  
  74  6:19  Zealot x2, Sentry  
  74  6:21  Immortal  
  74  6:23  Probe  
  74  6:25  Probe  
  82  6:28  Immortal  
  82  6:30  Probe  
  87  6:35  Probe  
  87  6:37  Zealot  
  94  6:40  Probe  
  94  6:41  Assimilator  
  94  6:42  Assimilator, Pylon x2  
  95  6:51  Warp Prism, Probe  
  96  6:56  Probe x2  
  96  7:03  Probe  
  96  7:08  Probe x2  
  97  7:12  Shield Battery  
  97  7:16  Probe  
  97  7:17  Pylon  
  97  7:20  Probe  
  97  7:21  Gateway  
  99  7:22  High Templar x2  
  99  7:23  High Templar x2  
  99  7:24  Probe, Psionic Storm  
  99  7:25  Gateway, Immortal  
  99  7:28  Immortal  
  116  7:32  Pylon  
  116  7:41  Pylon  
  116  7:44  Protoss Ground Weapons Level 2  
  116  7:47  Pylon  
  116  7:52  Gateway x2  
  116  8:03  Nexus  
  116  8:07  Immortal  
  116  8:11  Probe  
  121  8:25  Immortal  
  125  8:27  Zealot x6  
  137  8:35  Photon Cannon  
  137  8:38  Shield Battery  
  137  8:39  Photon Cannon  
  137  8:46  Observer x2  
  136  8:51  Zealot  
  136  8:52  Zealot  
  136  8:53  High Templar x2  
  136  8:54  High Templar x2  
  148  8:57  Archon x2  
  148  9:00  Photon Cannon  
  148  9:04  Pylon  
  148  9:05  Observer  
  148  9:06  Shield Battery, Pylon  
  149  9:15  Pylon  
  149  9:16  Pylon  
  149  9:24  Zealot x4  
  149  9:25  Zealot  
  149  9:26  Zealot x2  
  151  9:33  Observer  
  151  9:34  Zealot  
  137  9:45  Immortal  
  126  9:46  Zealot x5  
  122  9:54  Immortal  
  104  10:03  Zealot x2  
  104  10:05  Zealot  
  104  10:11  Probe x3  
  104  10:13  Zealot x2  
  101  10:20  Immortal  
  101  10:23  Probe  
  101  10:27  High Templar x3  
  101  10:28  High Templar x3  
  114  10:30  Immortal  
  114  10:31  Archon  
  114  10:32  Archon x2  
  122  10:43  Observer  
  122  10:48  Photon Cannon  
  122  10:59  High Templar x4  
  122  11:00  Zealot x4, Immortal  
  122  11:03  Archon x2  
  116  11:18  Immortal  
  116  11:21  Observer  
  94  11:26  Zealot x3  
  94  11:27  Zealot x3  
  83  11:50  Zealot x8  
Show
View Real Time Build Order
Export as new Build Order

Reynor Zerg - Winner!

Build Orders: Hatch First, Lurkers, Roach Hydra 

Get SALT Encoding   

  12  0:00  Drone  
  13  0:11  Overlord  
  13  0:17  Drone  
  14  0:30  Drone x2  
  16  0:38  Drone  
  17  0:50  Hatchery  
  17  0:53  Drone  
  17  0:57  Drone  
  18  1:07  Extractor  
  18  1:11  Spawning Pool  
  16  1:15  Drone  
  17  1:18  Drone  
  18  1:27  Drone  
  19  1:38  Drone  
  20  1:48  Overlord  
  20  1:58  Queen  
  22  2:01  Queen  
  22  2:02  Drone x2  
  26  2:10  Zergling x2  
  26  2:12  Drone  
  26  2:13  Metabolic Boost  
  28  2:20  Drone  
  29  2:23  Drone  
  30  2:31  Drone  
  30  2:34  Drone  
  32  2:45  Zergling x4  
  32  2:49  Hatchery  
  33  2:52  Overlord  
  33  2:54  Queen  
  33  2:56  Drone  
  36  3:03  Overlord  
  36  3:14  Drone  
  36  3:15  Zergling x2  
  36  3:17  Drone x3  
  36  3:19  Queen  
  41  3:21  Drone  
  41  3:24  Overlord  
  44  3:31  Queen  
  44  3:32  Zergling x2  
  47  3:37  Drone  
  47  3:39  Drone x2  
  47  3:40  Overlord  
  50  3:44  Drone  
  50  3:47  Drone  
  52  3:55  Overlord  
  52  3:57  Queen  
  52  3:58  Drone  
  52  4:01  Drone  
  52  4:02  Drone x2  
  58  4:05  Spore Crawler  
  58  4:06  Drone x2  
  58  4:09  Drone  
  60  4:11  Drone  
  60  4:15  Drone  
  60  4:16  Drone  
  63  4:18  Drone x2  
  63  4:19  Spore Crawler  
  63  4:22  Overlord  
  64  4:24  Drone  
  64  4:25  Spore Crawler  
  64  4:28  Drone  
  65  4:35  Evolution Chamber  
  65  4:36  Roach Warren, Drone x2  
  65  4:38  Drone  
  66  4:42  Lair  
  66  4:43  Drone  
  66  4:45  Drone  
  68  4:48  Drone x2, Extractor  
  68  4:49  Drone  
  69  4:55  Zergling x6  
  69  4:58  Queen  
  74  5:00  Overlord  
  74  5:05  Spore Crawler, Drone  
  74  5:06  Drone x2  
  76  5:09  Overlord  
  76  5:15  Overlord  
  76  5:18  Roach x4  
  76  5:20  Roach  
  86  5:24  Roach  
  86  5:26  Drone x2  
  86  5:27  Overlord  
  90  5:32  Drone x6  
  95  5:45  Hatchery  
  95  5:49  Drone x3  
  95  5:50  Drone x2  
  95  5:52  Drone  
  93  6:01  Extractor  
  90  6:05  Drone x6  
  90  6:06  Drone x4  
  90  6:08  Drone x2  
  90  6:11  Drone x2, Extractor  
  103  6:13  Overlord  
  103  6:18  Overlord  
  102  6:22  Glial Reconstitution, Zerg Missile Weapons Level 1  
  102  6:23  Extractor  
  102  6:25  Infestation Pit, Extractor  
  99  6:30  Overlord  
  99  6:35  Spore Crawler  
  99  6:37  Drone  
  99  6:41  Roach x2  
  99  6:42  Roach x4  
  99  6:44  Overlord  
  99  6:46  Roach  
  113  6:51  Zergling x6  
  116  7:03  Drone x9  
  116  7:04  Hive  
  116  7:06  Drone  
  125  7:09  Hydralisk Den, Drone  
  125  7:12  Drone x2  
  125  7:14  Extractor  
  126  7:15  Extractor  
  126  7:22  Drone x2  
  127  7:25  Overlord  
  127  7:27  Overseer, Roach x4  
  135  7:30  Overlord  
  135  7:32  Hatchery, Zergling x2  
  135  7:33  Overlord  
  135  7:40  Lurker Den  
  135  7:41  Muscular Augments, Lurker Den  
  135  7:42  Roach  
  135  7:44  Overlord  
  135  7:46  Overlord  
  135  7:55  Overlord  
  135  7:58  Zergling x12  
  141  7:59  Hydralisk  
  141  8:00  Hydralisk x4  
  141  8:01  Ravager x2  
  141  8:03  Zergling x4, Roach x3  
  161  8:06  Roach  
  161  8:09  Overlord  
  162  8:17  Zerg Missile Weapons Level 2  
  162  8:18  Drone x3  
  162  8:23  Overlord  
  162  8:26  Hydralisk  
  162  8:27  Hydralisk x2  
  168  8:37  Lurker x4  
  168  8:40  Zergling x18  
  181  8:47  Seismic Spines, Adaptive Talons  
  179  8:49  Overlord  
  179  8:58  Extractor  
  179  8:59  Lurker x2  
  179  9:02  Extractor  
  179  9:03  Lurker  
  179  9:04  Grooved Spines  
  179  9:08  Drone x2  
  179  9:09  Drone  
  183  9:16  Spore Crawler x2  
  181  9:23  Lurker  
  178  9:26  Hydralisk x7  
  178  9:27  Zergling x8  
  191  9:38  Hydralisk x5  
  174  9:39  Zergling x24  
  174  9:42  Hydralisk  
  174  9:43  Queen  
  174  9:46  Queen  
  174  9:47  Roach  
  174  9:48  Zergling x2, Roach x2  
  174  9:49  Roach  
  174  9:52  Roach  
  177  9:57  Roach x2  
  158  10:08  Overseer  
  158  10:11  Drone x2  
  158  10:12  Drone x2  
  148  10:16  Lurker x4  
  148  10:18  Zergling x4  
  148  10:19  Zergling x22  
  161  10:30  Lurker  
  162  10:36  Hydralisk x2  
  162  10:41  Lurker x4  
  162  10:42  Lurker  
  171  10:43  Zergling x18  
  171  10:46  Lurker  
  181  10:51  Overseer  
  181  10:52  Overseer  
  181  10:54  Roach x5  
  191  10:59  Roach x4  
  191  11:02  Hydralisk  
  200  11:14  Hydralisk x3  
  194  11:18  Hydralisk  
  194  11:19  Hydralisk x3  
  194  11:24  Hydralisk x4  
  199  11:28  Hydralisk  
  199  11:31  Lurker  
  199  11:37  Hydralisk x2  
  199  11:38  Hydralisk  
  192  11:44  Hydralisk x2  
  190  11:52  Hydralisk  
  190  11:53  Hydralisk x3  
  198  11:59  Zergling x2  
  198  12:00  Zergling x12  
Tags
 
Add a new tag
Caveats
  • Supply blocks, unpowered buildings, or Contaminate may cause inaccurate times.
  • Supply counts are checked every 10 seconds.